cohdb
Replays
Latest Replays
All Replays
Popular Replays
Top Player Replays
Match Explorer
How It Works
Community
CoH3 Stats
Reddit
Sign in to upload your games and track your stats! →
Sign in with Steam
Match 41855102
Unlisted
Match 41855102
Overview
Messages
Build Orders
End
Kradschützen Motorcycle Team
Panzerpioneer Squad
Panzergrenadier Squad
Panzergrenadier Squad
250 Light Carrier
Construct Light Support Kompanie
MG34 Team
Panzerjäger Mechanized Group
Combat Half-tracks
Fire Support Elements
Construct Panzerarmee Kommand
Selects Armored Support Battlegroup
Panzer III L Medium Tank
Vehicle Survival Package
Emergency Repair Kits
Rapid Advance
Panzer III L Medium Tank
Selects Veteran Gunners
Selects Flammpanzer III Medium Tank
(502) Bad Gateway
Ou_Dee
0
0
Comments
sign in to comment!
No comments posted yet!